 Dungeon Crawl Stone Soup version 0.22.1-1-ga44c0e5 (webtiles) character file.

12740 Anon1729 the Covert (level 11, -5/48 HPs)
             Began as a Spriggan Artificer on Oct 6, 2018.
             Was an Elder of Nemelex Xobeh.
             Slain by a crocodile (15 damage)
             ... on level 6 of the Lair of Beasts.
             The game lasted 01:07:54 (19714 turns).

Anon1729 the Covert (Spriggan Artificer)           Turns: 19714, Time: 01:07:57

Health: -5/48      AC:  2    Str:  8    XL:     11   Next: 66%
Magic:  20/20      EV: 19    Int: 18    God:    Nemelex Xobeh [****..]
Gold:   711        SH:  0    Dex: 21    Spells: 9/10 levels left

rFire    . . .     SeeInvis +   Q - +2 short sword (freeze)
rCold    . . .     Gourm    .   (shield restricted)
rNeg     . . .     Faith    .   b - +0 robe
rPois    .         Spirit   .   (helmet restricted)
rElec    .         Reflect  .   (no cloak)
rCorr    .         Harm     .   (gloves unavailable)
MR       +++..                  (boots unavailable)
Stlth    ++++++....             H - amulet of regeneration
HPRegen  0.56/turn              h - ring of the Mage {Wiz MR++ Int+3}
MPRegen  0.17/turn              z - +3 ring of dexterity

@: very quick
A: very small, unfitting armour, see invisible, herbivore, speed 3, slow
metabolism 2
a: Triple Draw, Deal Four, Renounce Religion


You were on level 6 of the Lair of Beasts.
You worshipped Nemelex Xobeh.
Nemelex Xobeh was greatly pleased with you.
You were very hungry.

You visited 3 branches of the dungeon, and saw 16 of its levels.
You also visited: Bailey.

You collected 711 gold pieces.

Inventory:

Hand Weapons
 F - a +0 shortbow
 G - a +0 dagger
 Q - a +2 short sword of freezing (weapon)
Missiles
 e - 27 tomahawks of returning (quivered)
 r - 46 arrows
 s - 136 stones
 u - 59 sling bullets
 C - 23 poisoned needles
 N - 2 exploding tomahawks
Armour
 b - a +0 robe (worn)
 P - the +1 leather armour of Defuar {rPois rCorr, unknown}
   (You found it on level 2 of the Lair of Beasts)

   It protects you from poison.
   It provides partial protection from all sources of acid and corrosion.
Jewellery
 h - the ring of the Mage (left hand) {Wiz MR++ Int+3}
   (You found it on level 7 of the Dungeon)

   [ring of wizardry]

   It improves your spell success rate.
   It affects your intelligence (+3).
   It affects your resistance to hostile enchantments.
 k - an uncursed ring of flight {unknown}
 q - an uncursed ring of ice
 z - a +3 ring of dexterity (right hand)
 H - an amulet of regeneration (around neck)
 J - an uncursed ring of magical power
Wands
 g - a wand of acid (1)
 L - a wand of polymorph (10)
 M - a wand of digging (11)
Scrolls
 c - 6 scrolls of identify
 i - 6 scrolls of teleportation
 j - 2 scrolls of remove curse
 m - 3 scrolls of fear
 o - 4 scrolls of amnesia
 p - a scroll of enchant armour
 x - a scroll of noise
 D - a scroll of magic mapping
Potions
 n - a potion of brilliance {unknown}
 t - a potion of heal wounds {unknown}
 v - 2 potions of haste
 w - a potion of flight {unknown}
 A - a potion of berserk rage {unknown}
 E - a potion of ambrosia {unknown}
 K - 2 potions of mutation {unknown}
 O - a potion of degeneration {unknown}
Miscellaneous
 a - an ornate deck of summoning {drawn: 2}
 l - a fan of gales (inert)
 y - a plain deck of escape {drawn: 10}
 B - an ornate deck of destruction {drawn: 12}
 R - a lamp of fire (inert)
 S - a plain deck of summoning {drawn: 3}
Comestibles
 f - 9 rations


   Skills:
 - Level 0.7 Fighting
 + Level 9.6 Short Blades
 + Level 8.2 Bows
 - Level 3.0 Throwing
 - Level 3.0 Dodging
 + Level 13.2 Stealth
 + Level 8.1 Invocations
 + Level 11.9 Evocations


You had 9 spell levels left.
You knew the following spells:

 Your Spells              Type           Power        Failure   Level  Hunger
a - Infusion              Chrm           #...         9%          1    ##.....

Your spell library contained the following spells:

 Spells                   Type           Power        Failure   Level  Hunger
 Shroud of Golubria       Chrm/Tloc      #.........   13%         2    ###....
 Song of Slaying          Chrm           #.......     13%         2    ###....
 Regeneration             Chrm/Necr      #.........   26%         3    ####...
 Spectral Weapon          Hex/Chrm       #.......     26%         3    ####...


Dungeon Overview and Level Annotations

Branches:
Dungeon (10/15)            Temple (1/1) D:4            Lair (6/6) D:10
  Swamp (0/4) Lair:2        Snake (0/4) Lair:2
  Slime: Lair:5-6       Orc: D:9-12

Altars:
Ashenzari
Cheibriados
Dithmenos
Elyvilon
Fedhas
Gozag
Hepliaklqana
Kikubaaqudgha
Makhleb
Nemelex Xobeh
Okawaru
Qazlal
Sif Muna
Trog
Vehumet
Wu Jian
Xom
Yredelemnul
Zin
The Shining One

Annotations:
D:4 2 transporters, bear's ghost, novice MiFi
Lair:1 3 runed doors, exclusion: oklob plant, brandon's ghost, journeyman MiBe
Lair:4 Rupert
Lair:6 exclusion: hydra


Innate Abilities, Weirdness & Mutations

You are very small and have problems with some larger weapons.
You are too small for most types of armour.
You have supernaturally acute eyesight. (SInv)
You are a herbivore.
You cover ground extremely quickly.
You need to consume almost no food.


Message History

The dream sheep bites you!
* * * LOW HITPOINT WARNING * * *
Your neqoxec hits the dream sheep.
Unknown command.
Unknown command.
Evoke which item? (* to show all) (? for menu, Esc to quit)
You draw a card...
It is the Rangers.
Something closely misses your neqoxec. The dream sheep bites your neqoxec!
Your neqoxec hits the dream sheep!
The dream sheep dies!
Unknown command.
Your neqoxec hits the crocodile but does no damage.
Your yaktaur barely misses the crocodile.
Your yaktaur closely misses the crocodile.
You hit the crocodile.
The crocodile seems to slow down.
You freeze the crocodile.
The crocodile is lightly wounded.
Your rakshasa blinks!
The crocodile bites you!
You die...
Your body disappears without a glow.

.............## #
.............P##h#
..##.#..........#
##..........
#..P...#....
###...## #.. #
###....# ..
###t...### ...
#@#....##
....#####t3†.#.#
.Y.....#.cc..###
...Y.........# ##
##.........## #.#
####...§...## ....
###......#######....
#........P#.#.#....#
##.................


You could see a crocodile, 2 friendly yaktaurs and a friendly neqoxec.

Vanquished Creatures
  An oklob plant (D:10)
  2 black mambas
  2 spiny frogs (Lair:6)
  2 blink frogs
  A queen bee (Lair:3)
  A hippogriff (Lair:6)
  3 dream sheep (Lair:6)
  5 yaks
  A basilisk (Lair:2)
  5 water moccasins
  2 orc warriors
  A phantom (D:5)
  An ice beast (D:7)
  A black bear (D:6)
  2 ogres
  A wolf (Lair:4)
  A centaur (D:5)
  9 crocodiles
  3 bullfrogs
  2 scorpions
  3 hounds
  3 orc priests
  A bullfrog skeleton (D:5)
  Jessica (D:2)
  2 iguanas
  2 worker ants
  2 worker ant zombies
  6 gnolls
  6 adders
  A shadow imp (D:6)
  An ooze (D:2)
  3 dart slugs
  4 leopard geckos
  10 orcs
  7 bats
  3 giant cockroaches
  8 goblins
  7 hobgoblins
  4 jackals (D:4)
  22 kobolds
  6 quokkas
  A ball python (D:3)
  6 frilled lizards
  6 rats
  A spectral orc (D:6)
  A butterfly (Lair:3)
  A fungus (Lair:2)
  2 plants
166 creatures vanquished.

Vanquished Creatures (collateral kills)
  Snorg (Lair:6)
  3 hydras
  3 orc knights (Bailey)
  A rime drake (Lair:6)
  2 komodo dragons
  A polar bear (Lair:6)
  3 blink frogs
  2 dream sheep (Lair:6)
  Prince Ribbit (D:6)
  A raiju (Lair:2)
  A wyvern (D:9)
  12 yaks
  A hog (Lair:1)
  A basilisk (Lair:2)
  A soldier ant (Lair:1)
  3 nagas (Lair:2)
  2 water moccasins (Lair:2)
  A porcupine (Lair:2)
  An ice beast (D:7)
  An eye of draining (Lair:1)
  2 crocodiles
  A wyvern zombie (D:7)
  A scorpion (D:9)
  A crimson imp (D:4)
  A hound (D:9)
  An orc priest (D:7)
  2 orc wizards (D:9)
  3 worker ants
  A gnoll (Bailey)
  A dart slug (D:2)
  A leopard gecko (D:3)
  6 orcs
  2 goblins (Bailey)
  5 hobgoblins (Bailey)
70 creatures vanquished.

Vanquished Creatures (others)
  A hydra (Lair:4)
  A centaur (D:6)
  A bullfrog (D:6)
  A gnoll shaman (D:4)
  An orc wizard (D:4)
  A ball lightning (Lair:4)
  10 fungi
  8 plants
24 creatures vanquished.

Grand Total: 260 creatures vanquished

Notes
Turn   | Place    | Note
-------+----------+-------------------------------------------
     0 | D:1      | Anon1729 the Spriggan Artificer began the quest for the
                  | Orb.
     0 | D:1      | Reached XP level 1. HP: 9/9 MP: 4/4
   214 | D:1      | Reached skill level 2 in Stealth
   539 | D:1      | Reached XP level 2. HP: 14/14 MP: 6/6
  1369 | D:1      | Reached skill level 3 in Stealth
  1397 | D:1      | Reached XP level 3. HP: 12/17 MP: 7/7
  2100 | D:2      | Found a shimmering altar of Xom.
  2126 | D:2      | Noticed Jessica
  2128 | D:2      | Killed Jessica
  2128 | D:2      | Reached skill level 5 in Evocations
  2128 | D:2      | Reached XP level 4. HP: 21/21 MP: 8/8
  2283 | D:2      | Found a faded altar of an unknown god.
  2299 | D:2      | Reached skill level 4 in Stealth
  3339 | D:2      | Found a blossoming altar of Fedhas.
  4223 | D:4      | Found a transporter.
  4226 | D:4      | Noticed bear's ghost (novice MiFi)
  4228 | D:4      | Noticed an ogre
  4229 | D:4      | Noticed an ogre
  4233 | D:4      | Found a transporter.
  4325 | D:4      | Found a staircase to the Ecumenical Temple.
  4413 | D:5      | Entered Level 5 of the Dungeon
  4431 | D:5      | Learned a level 1 spell: Infusion
  4617 | D:5      | Noticed a bullfrog
  4820 | D:4      | Reached XP level 5. HP: 9/25 MP: 10/10
  4821 | D:4      | Reached skill level 5 in Stealth
  5078 | D:5      | Noticed an ogre
  6145 | Temple   | Entered the Ecumenical Temple
  6160 | Temple   | Became a worshipper of Nemelex Xobeh the Trickster
  6207 | Temple   | Received a gift from Nemelex Xobeh
  6462 | D:4      | You fall through a shaft for 3 floors!
  6633 | D:7      | Found a flagged portal.
  6752 | Bailey   | Entered a bailey
  7107 | Bailey   | Noticed an orc warrior
  7119 | Bailey   | Killed an orc warrior
  7119 | Bailey   | Reached skill level 1 in Invocations
  7119 | Bailey   | Reached XP level 6. HP: 27/29 MP: 11/11
  7149 | Bailey   | Noticed an orc knight
  7177 | Bailey   | Noticed an orc knight
  7290 | Bailey   | Noticed an orc knight
  7440 | Bailey   | Noticed an orc warrior
  7488 | Bailey   | Killed an orc knight
  7488 | Bailey   | Reached skill level 6 in Stealth
  7488 | Bailey   | Reached XP level 7. HP: 30/32 MP: 12/12
  7497 | Bailey   | Killed an orc knight
  7497 | Bailey   | Reached skill level 7 in Stealth
  7520 | Bailey   | Killed an orc knight
  7520 | Bailey   | Reached skill level 5 in Short Blades
  8451 | D:6      | Found a stormy altar of Qazlal.
  8461 | D:6      | Found a basalt altar of Yredelemnul.
  8481 | D:6      | Reached XP level 8. HP: 37/37 MP: 14/14
  8490 | D:6      | Reached * piety under Nemelex Xobeh
  8523 | D:6      | Reached skill level 8 in Stealth
  8832 | D:6      | Received a gift from Nemelex Xobeh
  8856 | D:6      | Noticed Prince Ribbit
 11264 | D:5      | Reached skill level 1 in Bows
 11453 | D:5      | Reached skill level 1 in Throwing
 11453 | D:5      | Reached skill level 9 in Stealth
 12670 | D:6      | Received a gift from Nemelex Xobeh
 12707 | D:6      | Reached ** piety under Nemelex Xobeh
 12714 | D:6      | Noticed an air elemental
 12810 | D:6      | Killed Prince Ribbit
 13765 | D:7      | Reached XP level 9. HP: 40/40 MP: 16/16
 14288 | D:7      | Found the ring of the Mage {Wiz MR++ Int+3}
 14646 | D:7      | HP: 1/40 [orc wizard/puff of flame (11)]
 14792 | D:8      | Reached skill level 5 in Invocations
 14890 | D:9      | Found a deep blue altar of Sif Muna.
 14995 | D:9      | Noticed a troll
 15035 | D:8      | You fall through a shaft for 2 floors!
 15035 | D:10     | Entered Level 10 of the Dungeon
 15035 | D:10     | Found a staircase to the Lair.
 15035 | D:10     | Noticed an oklob plant
 15066 | D:10     | Killed an oklob plant
 15066 | D:10     | Reached skill level 10 in Stealth
 15103 | D:10     | Reached *** piety under Nemelex Xobeh
 15572 | D:10     | Received a gift from Nemelex Xobeh
 15660 | Lair:1   | Entered Level 1 of the Lair of Beasts
 15873 | Lair:1   | Noticed a spiny frog
 16211 | Lair:1   | Reached XP level 10. HP: 44/44 MP: 18/18
 16240 | Lair:1   | Found a bloodstained altar of Trog.
 16240 | Lair:1   | Noticed an oklob plant
 16282 | Lair:1   | Reached skill level 5 in Bows
 16284 | Lair:1   | Reached skill level 10 in Evocations
 16389 | Lair:1   | Found a runed gate.
 16389 | Lair:1   | Found a runed gate.
 16389 | Lair:1   | Found a runed gate.
 16389 | Lair:1   | Noticed brandon's ghost (journeyman MiBe)
 16389 | Lair:1   | Noticed a 12-headed hydra
 16501 | Lair:1   | Received a gift from Nemelex Xobeh
 16813 | Lair:2   | Reached skill level 11 in Stealth
 17016 | Lair:2   | Found a staircase to the Snake Pit.
 17201 | Lair:2   | Reached **** piety under Nemelex Xobeh
 17248 | Lair:2   | Got a warped leather armour
 17356 | Lair:2   | Noticed a four-headed hydra
 17365 | Lair:2   | Killed a four-headed hydra
 17578 | Lair:2   | Found a staircase to the Swamp.
 17812 | Lair:2   | Received a gift from Nemelex Xobeh
 17940 | Lair:2   | Received a gift from Nemelex Xobeh
 17943 | Lair:2   | Reached skill level 12 in Stealth
 18523 | Lair:3   | Noticed a spiny frog
 18523 | Lair:3   | a yak changed into a spiny frog
 18668 | Lair:4   | Noticed a black mamba
 18678 | Lair:4   | Killed a black mamba
 18678 | Lair:4   | Reached XP level 11. HP: 48/48 MP: 20/20
 18804 | Lair:4   | Received a gift from Nemelex Xobeh
 18816 | Lair:4   | Noticed a six-headed hydra
 18848 | Lair:4   | Killed a six-headed hydra
 18862 | Lair:4   | Noticed Rupert
 18878 | Lair:4   | You fall through a shaft for 2 floors!
 18878 | Lair:6   | Entered Level 6 of the Lair of Beasts
 18878 | Lair:6   | Noticed a six-headed hydra
 18970 | Lair:6   | Noticed an eight-headed hydra
 19086 | Lair:6   | Noticed a six-headed hydra
 19160 | Lair:6   | Noticed Snorg
 19200 | Lair:6   | Killed Snorg
 19205 | Lair:6   | Killed an eight-headed hydra
 19268 | Lair:6   | Noticed a seven-headed hydra
 19313 | Lair:6   | Killed a seven-headed hydra
 19322 | Lair:6   | Reached skill level 13 in Stealth
 19714 | Lair:6   | Slain by a crocodile

Skill      XL: |  1  2  3  4  5  6  7  8  9 10 11 |
---------------+----------------------------------+-----
Stealth        | 2 3 4 5 6 7 9 10 12 13 | 13.2
Short Blades   | 2 3 4 5 6 7 8 9 |  9.6
Evocations     | 5 6 7 8 9 11 | 11.9
Invocations    | 1 2 3 4 5 7 8 |  8.1
Bows           | 2 4 6 8 |  8.2
Throwing       | 1 3 |  3.0
Fighting       | |  0.7
Dodging        | |  3.0

Action                   |  1- 3 |  4- 6 |  7- 9 | 10-12 || total
-------------------------+-------+-------+-------+-------++-------
Melee: Short sword       |   133 |   253 |   330 |   164 ||   880
       Shortbow          |       |       |     1 |       ||     1
       Dagger            |       |       |   149 |    36 ||   185
 Fire: Shortbow          |       |       |    74 |       ||    74
Throw: Tomahawk          |       |    37 |   175 |       ||   212
       Stone             |       |    29 |     3 |       ||    32
       Throwing net      |       |     2 |       |       ||     2
 Cast: Infusion          |       |     3 |     1 |       ||     4
Invok: Deal Four         |       |       |       |     1 ||     1
Evoke: Wand              |     6 |    30 |    37 |     9 ||    82
       Deck              |       |     4 |    13 |    36 ||    53
       Fan of gales      |       |       |       |     1 ||     1
       Lamp of fire      |       |       |       |     1 ||     1
  Use: Scroll            |     1 |     7 |     3 |     1 ||    12
       Potion            |       |     1 |     1 |     1 ||     3
 Stab: Sleeping          |       |     3 |    16 |     6 ||    25
       Distracted        |       |       |       |     2 ||     2
  Eat: Ration            |       |     2 |     5 |     1 ||     8
Armor: Robe              |    16 |    18 |    29 |     4 ||    67
Dodge: Dodged            |   109 |   302 |   358 |   113 ||   882
